 Dungeon Crawl Stone Soup version 0.26.1-10-gdfb7c7de75 (webtiles) character file.

Game seed: 12987099532764544400

65997 Eitelfritz the Fencer (level 15, -5/132 HPs)
             Began as a Hill Orc Fighter on Apr 3, 2021.
             Was the Champion of the Shining One.
             Splashed by an oklob plant's acid (10 damage)
             ... on level 3 of the Lair of Beasts.
             The game lasted 01:29:30 (26087 turns).

Eitelfritz the Fencer (Hill Orc Fighter)           Turns: 26087, Time: 01:29:31

Health: -5/132     AC: -1    Str: 24    XL:     15   Next: 18%
Magic:  0/31       EV:  8    Int: 16    God:    the Shining One [******]
Gold:   963        SH: 32    Dex: 10    Spells: 14/14 levels left

rFire    + + +     SeeInvis +   a - +7 scimitar (flame)
rCold    + + .     Faith    .   E - +7 tower shield "Orghetima" {Int+6}
rNeg     + + +     Spirit   +   g - +5 chain mail of Untruth {rF+ rC+}
rPois    +         Reflect  +   J - +2 hat of the Bear Spirit {Spirit, +Rage rN+ Will++}
rElec    .         Harm     .   b - scarf {rC+ rF+}
rCorr    .         Rampage  .   X - +0 pair of gloves
Will     +++..                  B - +0 pair of boots
Stlth    ..........             C - amulet of reflection
HPRegen  0.32/turn              I - ring "Piafesh" {+Fly rF+ Stlth-}
MPRegen  0.22/turn              P - ring "Tosarosk" {rPois MP+9 SInv}

@: lethally poisoned (-5 -> -6), corroded, glowing
A: no striking features
a: Renounce Religion, Evoke Berserk Rage, Evoke Flight, Divine Shield, Cleansing
Flame, Summon Divine Warrior, Brand Weapon With Holy Wrath


You were on level 3 of the Lair of Beasts.
You worshipped the Shining One.
The Shining One was exalted by your worship.
You visited 4 branches of the dungeon, and saw 20 of its levels.
You also visited: Bailey and Gauntlet.

You collected 2955 gold pieces.
You spent 1992 gold pieces at shops.

Inventory:

Hand Weapons
 a - a +7 scimitar of flaming (weapon)
 H - a +0 antimagic scimitar
 W - a +2 scimitar of protection
Missiles
 e - 4 silver boomerangs
 t - 3 throwing nets
 F - 16 silver javelins (quivered)
Armour
 b - a scarf of resistance (worn)
 f - the +6 plate armour of the Blind Marksman {rCorr Dex+2}
   (You bought it in a shop on level 2 of the Orcish Mines)

   It affects your dexterity (+2).
   It provides partial protection from all sources of acid and corrosion.
 g - the +5 chain mail of Untruth (worn) {rF+ rC+}
   (You bought it in a shop on level 2 of the Orcish Mines)

   It protects you from fire.
   It protects you from cold.
 B - a +0 pair of boots (worn)
 E - the +7 tower shield "Orghetima" (worn) {Int+6}
   (You took it off a minotaur in a Gauntlet)

   It affects your intelligence (+6).
 J - the +2 hat of the Bear Spirit (worn) {Spirit, +Rage rN+ Will++}
   (You found it in a bailey)

   It protects you from negative energy.
   It affects your willpower, your defense against some magical effects.
   It lets you go berserk.
 X - a +0 pair of gloves (worn)
Jewellery
 d - an uncursed ring of positive energy {unknown}
 j - the amulet "Didiemn" {Regen+ Stlth+}
   (You found it in a Gauntlet)

   [amulet of regeneration]

   It increases your rate of regeneration.
   It makes you more stealthy.
 m - the amulet of Syl Nol {RegenMP Will+ Slay+6 SInv Stlth+}
   (You found it in a Gauntlet)

   [amulet of magic regeneration]

   It increases your magic regeneration.
   It affects your accuracy and damage with ranged weapons and melee attacks
   (+6).
   It affects your willpower, your defense against some magical effects.
   It lets you see invisible.
   It makes you more stealthy.
 r - an uncursed ring of protection from fire
 A - a +4 ring of slaying
 C - an amulet of reflection (around neck)
 I - the ring "Piafesh" (left hand) {+Fly rF+ Stlth-}
   (You found it on level 9 of the Dungeon)

   [ring of attention]

   It protects you from fire.
   It lets you fly.
   It makes you less stealthy.
 P - the ring "Tosarosk" (right hand) {rPois MP+9 SInv}
   (You found it in a Gauntlet)

   [ring of magical power]

   It protects you from poison.
   It affects your magic capacity (+9).
   It lets you see invisible.
Wands
 c - a wand of disintegration (28)
 i - a wand of polymorph (21)
 u - a wand of acid (23)
 v - a wand of flame (22)
 w - a wand of digging (7)
 O - a wand of paralysis (7)
 T - a wand of iceblast (13)
Scrolls
 h - a scroll of identify
 o - 14 scrolls of remove curse
 q - 6 scrolls of teleportation
 s - 3 scrolls of enchant weapon
 y - 3 scrolls of blinking
 L - 2 scrolls of magic mapping
 R - a scroll of amnesia
 U - 2 scrolls of enchant armour
Potions
 k - 2 potions of curing
 n - 4 potions of magic
 x - 6 potions of heal wounds
 z - 2 potions of haste
 D - a potion of flight
 G - 3 potions of lignification
 K - 3 potions of ambrosia
 M - 4 potions of brilliance


   Skills:
 + Level 12.1 Fighting
 + Level 15.1 Long Blades
 + Level 0.5 Maces & Flails
 + Level 3.9 Throwing
 + Level 11.5 Armour
 + Level 4.3 Dodging
 + Level 1.0 Stealth
 + Level 14.2 Shields
 + Level 9.3 Invocations
 + Level 6.0 Evocations


You had 14 spell levels left.
You didn't know any spells.
Your spell library contained the following spells:

 Spells                   Type           Power        Failure   Level
 Apportation              Tloc           0%           99%         1
 Sandblast                Erth           0%           99%         1
 Blink                    Tloc           N/A          100%        2
 Passwall                 Tmut/Erth      0%           100%        2
 Gell's Gravitas          Tloc           0%           100%        3
 Lesser Beckoning         Tloc           0%           100%        3
 Stone Arrow              Conj/Erth      0%           100%        3
 Teleport Other           Tloc           0%           100%        3
 Tukima's Dance           Hex            0%           100%        3
 Passage of Golubria      Tloc           N/A          100%        4
 Petrify                  Tmut/Erth      0%           100%        4
 Summon Lightning Spire   Summ/Air       0%           100%        4
 Alistair's Intoxication  Tmut/Pois      0%           100%        5
 Lee's Rapid Deconstruct  Erth           0%           100%        5
 Silence                  Hex/Air        0%           100%        5
 Summon Demon             Summ           0%           100%        5
 Summon Forest            Summ/Tloc      0%           100%        5
 Summon Mana Viper        Hex/Summ       0%           100%        5
 Conjure Ball Lightning   Conj/Air       0%           100%        6
 Invisibility             Hex            0%           100%        6
 Shadow Creatures         Summ           N/A          100%        6
 Summon Hydra             Summ           0%           100%        7
 Tornado                  Air            0%           100%        9


Dungeon Overview and Level Annotations

Branches:
Dungeon (14/15)            Temple (1/1) D:5            Lair (3/6) D:10
 Shoals (0/4) Lair:2          Orc (2/2) D:9             Elf (0/3) Orc:2
 Vaults (0/5) D:14         Bailey (visited)         Gauntlet (visited)
  Snake: Lair:2-4    Spider: Lair:2-4

Altars:
Ashenzari
Cheibriados
Dithmenos
Elyvilon
Fedhas
Gozag
Hepliaklqana
Kikubaaqudgha
Makhleb
Nemelex Xobeh
Okawaru
Qazlal
Ru
Sif Muna
Trog
Uskayaw
Vehumet
Wu Jian
Xom
Yredelemnul
Zin
The Shining One
Beogh

Shops:
D:4 *   D:13 :   Orc:2 [((?[

Portals:
Trove: D:13 (show abyssal rune of Zot)

Annotations:
Lair:3 exclusion: 3 oklob plants


Message History

The splash of acid reflects off an invisible shield around you!
The splash of acid hits the oklob plant.
The oklob plant completely resists.
The oklob plant spits acid at you. The splash of acid hits you!
The acid corrodes you!
You are splashed with acid!
* * * LOW HITPOINT WARNING * * *
Your shield and chain mail of Untruth prevent you from hitting the bullfrog.
The bullfrog is heavily wounded.
You block the bullfrog's attack. The oklob plant spits acid at you.
The splash of acid hits you!
* * * LOW HITPOINT WARNING * * *
The acid corrodes you!
You are splashed with acid!
* * * LOW HITPOINT WARNING * * *
You feel sick. You block the bullfrog's attack.
The oklob plant spits acid at you. The splash of acid hits you!
* * * LOW HITPOINT WARNING * * *
The acid corrodes you!
You are splashed with acid!
You die...

####### #..P!.# #/P.[P#
#$($!.# #...$.# #†$[..#
##F†..P## #.@†....##
#........# ###.######
#..# #.## # #.##
########
####.##..###..#...## #
...................#####
.....................#..


You could see 3 oklob plants and a bullfrog.

Vanquished Creatures
  Saint Roka (Orc:2)
  2 orc warlords (Orc:2)
  A stone giant (Orc:1)
  A minotaur (Gauntlet)
  Azrael (Orc:2)
  Fannar (D:11)
  2 boulder beetles
  An ice dragon (Lair:2)
  A centaur warrior (D:9)
  2 hydras
  Erica (Orc:1)
  2 death scarabs (Gauntlet)
  2 tengu warriors (D:11)
  4 two-headed ogres
  An orc high priest (Orc:2)
  2 unseen horrors
  2 spectral hydras (Gauntlet)
  2 wizards
  A deep elf mage (D:13)
  2 orc knights
  A wolf spider zombie (D:14)
  An oklob plant (Lair:3)
  13 ugly things
  A spectral boulder beetle (Gauntlet)
  5 orc sorcerers
  A cyclops (D:12)
  4 manticores
  Maurice (D:10)
  A black mamba (Lair:2)
  2 centaur skeletons
  Psyche (D:10)
  An ice statue (Lair:2)
  4 cane toads
  An efreet (D:14)
  A kobold demonologist (Bailey)
  2 komodo dragons (Lair:2)
  A tengu conjurer (D:7)
  2 polar bears (Lair:2)
  10 trolls
  A wolf spider simulacrum (D:14)
  A hornet (D:8)
  Grinder (D:5)
  7 slime creatures
  Prince Ribbit (D:5)
  9 blink frogs
  3 vampires
  A wraith (D:13)
  7 yaks
  Eustachio (D:5)
  2 basilisks
  4 fire elementals (Orc:2)
  4 wargs
  An acid dragon (D:11)
  A spectral cane toad (Gauntlet)
  A hell hound (Orc:2)
  7 water moccasins
  11 ice beasts
  46 orc warriors
  2 black bears
  A necrophage (D:7)
  8 sky beasts
  12 ogres
  An eye of draining (D:12)
  A boggart (D:7)
  9 centaurs
  3 phantoms
  2 big kobolds
  15 bullfrogs
  A wyvern zombie (D:8)
  2 wyvern skeletons
  20 killer bees
  3 scorpions
  22 wights
  4 electric eels (Bailey)
  2 vampire bats (D:5)
  8 howler monkeys
  3 bullfrog zombies
  4 centaur zombies
  2 quasits
  4 bullfrog skeletons
  8 hounds
  6 jellies
  16 orc priests
  Crazy Yiuf (D:3)
  A gnoll shaman (Orc:2)
  30 orc wizards
  5 iguanas
  13 worker ants
  A killer bee zombie (D:9)
  A hound zombie (D:11)
  3 hound skeletons (D:7)
  2 worker ant zombies
  15 adders
  24 gnolls
  3 shadow imps
  10 white imps
  An ufetubus (D:7)
  3 oozes
  An adder zombie (D:7)
  4 adder skeletons
  A worm (D:2)
  2 dart slugs (D:2)
  15 leopard geckos
  99 orcs
  4 ball pythons
  8 giant cockroaches
  17 goblins
  9 hobgoblins
  16 jackals
  22 kobolds
  10 quokkas
  12 bats
  7 frilled lizards
  A jackal skeleton (D:4)
  A quokka skeleton (D:5)
  A quokka zombie (D:5)
  5 rats
701 creatures vanquished.

Vanquished Creatures (collateral kills)
  An orc sorcerer (Orc:2)
  An orc warrior (Orc:2)
  An orc (Orc:2)
3 creatures vanquished.

Vanquished Creatures (others)
  Sonja (Orc:2)
  A kobold (D:14)
  6 fungi
  19 plants
  25 withered plants (Gauntlet)
52 creatures vanquished.

Grand Total: 756 creatures vanquished

Notes
Turn   | Place    | Note
-------+----------+-------------------------------------------
     0 | D:1      | Eitelfritz the Hill Orc Fighter began the quest for the
                  | Orb.
     0 | D:1      | Reached XP level 1. HP: 19/19 MP: 1/1
   250 | D:1      | Reached XP level 2. HP: 27/27 MP: 2/2
   727 | D:2      | Reached XP level 3. HP: 33/33 MP: 3/3
   880 | D:2      | Found a stormy altar of Qazlal.
   895 | D:2      | Reached skill level 3 in Long Blades
  1109 | D:2      | Reached XP level 4. HP: 35/40 MP: 4/4
  1519 | D:2      | Reached skill level 1 in Throwing
  1967 | D:3      | Reached XP level 5. HP: 16/46 MP: 5/5
  2186 | D:3      | Found a shadowy altar of Dithmenos.
  2186 | D:3      | Found a radiant altar of Vehumet.
  2848 | D:3      | Found a runed translucent door.
  2849 | D:3      | Noticed Crazy Yiuf
  3339 | D:3      | Killed Crazy Yiuf
  3340 | D:3      | Reached skill level 4 in Long Blades
  3340 | D:3      | Reached skill level 1 in Dodging
  3411 | D:4      | Found Ficicif's Assorted Antiques.
  3440 | D:4      | Reached XP level 6. HP: 53/53 MP: 6/6
  3762 | D:4      | Bought a scroll labelled DILUV TOPT for 25 gold pieces
  3762 | D:4      | Bought a ruby potion for 22 gold pieces
  4166 | D:5      | Entered Level 5 of the Dungeon
  4213 | D:5      | Reached XP level 7. HP: 59/60 MP: 7/7
  4256 | D:4      | HP: 3/60 [iguana (3)]
  4610 | D:5      | Noticed Prince Ribbit
  4855 | D:5      | Reached skill level 5 in Shields
  4883 | D:5      | Reached skill level 5 in Long Blades
  5219 | D:5      | Noticed Grinder
  5230 | D:5      | Paralysed by Grinder for 3 turns
  5252 | D:5      | Killed Grinder
  5253 | D:5      | Reached skill level 5 in Armour
  5253 | D:5      | Reached XP level 8. HP: 46/67 MP: 8/8
  5417 | D:5      | Noticed Eustachio
  5426 | D:5      | Killed Eustachio
  5682 | D:5      | Found a staircase to the Ecumenical Temple.
  5708 | D:5      | Reached skill level 6 in Long Blades
  6013 | D:5      | Killed Prince Ribbit
  6014 | D:5      | Reached skill level 5 in Fighting
  6686 | Temple   | Entered the Ecumenical Temple
  6887 | Temple   | Became a worshipper of the Shining One
  6942 | D:5      | Reached skill level 1 in Evocations
  6942 | D:5      | Reached XP level 9. HP: 68/74 MP: 9/9
  6953 | D:5      | Reached skill level 7 in Long Blades
  7109 | D:6      | Reached skill level 1 in Invocations
  7215 | D:6      | Reached * piety under the Shining One
  8247 | D:7      | Reached skill level 8 in Long Blades
  8341 | D:7      | Reached ** piety under the Shining One
  8530 | D:7      | Noticed a manticore
  8547 | D:7      | Killed a manticore
  8548 | D:7      | Reached XP level 10. HP: 66/83 MP: 11/13
  8565 | D:7      | Reached skill level 9 in Long Blades
  8739 | D:7      | Reached skill level 5 in Invocations
  8962 | D:7      | Noticed an unseen horror
  8963 | D:7      | Noticed an eight-headed hydra
  8965 | D:7      | Noticed a white ugly thing
  8984 | D:7      | Killed an unseen horror
  9249 | D:8      | Noticed a boulder beetle
  9282 | D:8      | Reached skill level 10 in Long Blades
  9301 | D:8      | Killed a boulder beetle
  9366 | D:8      | Reached XP level 11. HP: 92/92 MP: 15/15
  9414 | D:8      | Noticed a two-headed ogre
  9428 | D:8      | Killed a two-headed ogre
  9505 | D:8      | Reached *** piety under the Shining One
 10209 | D:9      | Noticed a centaur warrior
 10223 | D:9      | Killed a centaur warrior
 10224 | D:9      | Reached skill level 11 in Long Blades
 10258 | D:9      | Got a heavily runed turquoise ring
 11160 | D:9      | Found a staircase to the Orcish Mines.
 11239 | D:10     | Entered Level 10 of the Dungeon
 11281 | D:10     | Found a flagged portal.
 11296 | Bailey   | Entered a bailey
 11383 | Bailey   | Found an iron altar of Okawaru.
 11383 | Bailey   | Noticed an orc sorcerer
 11398 | Bailey   | Noticed a sun demon
 11410 | Bailey   | Killed an orc sorcerer
 11491 | Bailey   | Found the +2 hat of the Bear Spirit {Spirit, +Rage rN+
                  | Will++}
 11718 | Bailey   | Identified the ring "Piafesh" {+Fly rF+ Stlth-} (You found
                  | it on level 9 of the Dungeon)
 11803 | Bailey   | Noticed an orc knight
 11859 | Bailey   | Killed an orc knight
 12055 | Bailey   | Acquired 855 gold pieces
 12119 | D:10     | Reached XP level 12. HP: 83/103 MP: 15/18
 12154 | D:10     | Noticed Maurice
 12325 | D:10     | Reached skill level 12 in Long Blades
 12347 | D:10     | Killed Maurice
 12496 | D:10     | Found a shadowy altar of Dithmenos.
 12500 | D:10     | Noticed a two-headed ogre
 12509 | D:10     | Noticed Psyche
 12511 | D:10     | Killed a two-headed ogre
 12539 | D:10     | Killed Psyche
 12692 | D:10     | Found a staircase to the Lair.
 12822 | D:10     | Noticed a two-headed ogre
 12830 | D:10     | Killed a two-headed ogre
 12879 | D:10     | Reached **** piety under the Shining One
 13221 | D:11     | Noticed Fannar
 13248 | D:11     | Killed Fannar
 13809 | D:11     | Noticed a tengu warrior
 13810 | D:11     | Noticed a tengu warrior
 13834 | D:11     | Killed a tengu warrior
 13835 | D:11     | Reached skill level 10 in Shields
 13845 | D:11     | Killed a tengu warrior
 14530 | D:12     | Reached skill level 13 in Long Blades
 14551 | D:12     | Reached ***** piety under the Shining One
 14581 | D:12     | Reached XP level 13. HP: 77/112 MP: 2/19
 15444 | D:13     | Reached skill level 10 in Fighting
 15974 | D:13     | Found a portal to a secret trove of treasure.
 16075 | D:13     | Found Kosamuz's Book Emporium.
 16744 | D:14     | Reached skill level 5 in Evocations
 16939 | D:14     | Found a gate to the Vaults.
 17930 | D:7      | Reached skill level 14 in Long Blades
 18264 | Orc:1    | Entered Level 1 of the Orcish Mines
 18295 | Orc:1    | Noticed a stone giant
 18321 | Orc:1    | Killed a stone giant
 18518 | Orc:1    | Found a roughly hewn altar of Beogh.
 18540 | Orc:1    | Reached skill level 10 in Armour
 18551 | Orc:1    | Noticed Erica
 18564 | Orc:1    | Killed Erica
 18910 | Orc:2    | Entered Level 2 of the Orcish Mines
 18912 | Orc:2    | Noticed Azrael
 18933 | Orc:2    | Killed Azrael
 18934 | Orc:2    | Reached XP level 14. HP: 82/124 MP: 13/20
 19425 | Orc:2    | Found a staircase to the Elven Halls.
 19425 | Orc:2    | Found a roughly hewn altar of Beogh.
 19461 | Orc:2    | Noticed Sonja
 19488 | Orc:2    | Killed Sonja
 19579 | Orc:2    | Noticed Saint Roka
 20368 | Orc:2    | Killed Saint Roka
 20670 | Orc:2    | Found Moumapsa's Antique Weapon Shop.
 20728 | Orc:2    | Noticed an orc warlord
 20764 | Orc:2    | Killed an orc warlord
 21210 | Orc:2    | Found a roughly hewn altar of Beogh.
 21210 | Orc:2    | Found Gimuxag's Antique Armour Shoppe.
 21281 | Orc:2    | Bought a pair of slimy gloves for 237 gold pieces
 21281 | Orc:2    | Bought a slimy chain mail for 237 gold pieces
 21292 | Orc:2    | Identified the +0 pair of gloves of Rationality {Int+3}
                  | (You bought it in a shop on level 2 of the Orcish Mines)
 21313 | Orc:2    | Identified the +5 chain mail of Untruth {rF+ rC+} (You
                  | bought it in a shop on level 2 of the Orcish Mines)
 21321 | Orc:2    | Bought a runed scarf for 200 gold pieces
 21416 | Orc:2    | Found a roughly hewn altar of Beogh.
 21467 | Orc:2    | Found Siul's Magic Scroll Shoppe.
 21472 | Orc:2    | Bought a scroll of identify for 26 gold pieces
 21472 | Orc:2    | Bought a scroll of identify for 26 gold pieces
 21472 | Orc:2    | Bought a scroll of identify for 26 gold pieces
 21472 | Orc:2    | Bought a scroll of identify for 26 gold pieces
 21711 | Orc:2    | Found a roughly hewn altar of Beogh.
 21792 | Orc:2    | Reached ****** piety under the Shining One
 21868 | Orc:2    | Noticed an orc warlord
 21882 | Orc:2    | Found Mekentar's Antique Weapon Shop.
 21886 | Orc:2    | Found a roughly hewn altar of Beogh.
 21924 | Orc:2    | Killed an orc warlord
 22174 | Orc:2    | Found Mufuatz's Antique Armour Boutique.
 22259 | Orc:2    | Bought an ancient plate armour for 980 gold pieces
 22314 | Orc:2    | Found a roughly hewn altar of Beogh.
 22325 | Orc:2    | Identified the +6 plate armour of the Blind Marksman {rCorr
                  | Dex+2} (You bought it in a shop on level 2 of the Orcish
                  | Mines)
 22495 | D:4      | Bought a shiny tower shield for 187 gold pieces
 22653 | Lair:1   | Entered Level 1 of the Lair of Beasts
 22703 | Lair:1   | Found a transporter.
 22706 | Lair:1   | Found a transporter.
 22933 | Lair:1   | Reached skill level 1 in Stealth
 23706 | Lair:2   | Found the +3 sling "Punk" {acid, rCorr}
 23781 | Lair:2   | Found a gate leading to a gauntlet.
 23790 | Gauntlet | Entered a Gauntlet
 23790 | Gauntlet | Found a transporter.
 23790 | Gauntlet | Found a transporter.
 24075 | Gauntlet | Found a transporter.
 24103 | Gauntlet | Found a transporter.
 24108 | Gauntlet | Found the amulet of the Four Winds {rN+ Will+++ Clar}
 24109 | Gauntlet | Found a transporter.
 24109 | Gauntlet | Found a transporter.
 24133 | Gauntlet | Found a transporter.
 24140 | Gauntlet | Found a transporter.
 24152 | Gauntlet | Found a transporter.
 24163 | Gauntlet | Found a transporter.
 24196 | Gauntlet | Found a transporter.
 24205 | Gauntlet | Found a transporter.
 24219 | Gauntlet | Found a transporter.
 24304 | Gauntlet | Found a transporter.
 24319 | Gauntlet | Found a transporter.
 24335 | Gauntlet | Found a transporter.
 24622 | Gauntlet | Got a coiled garnet amulet
 24627 | Gauntlet | Identified the amulet "Didiemn" {Regen+ Stlth+} (You found
                  | it in a Gauntlet)
 24691 | Gauntlet | Got a coiled diamond amulet
 24703 | Gauntlet | Identified the amulet of Syl Nol {RegenMP Will+ Slay+6 SInv
                  | Stlth+} (You found it in a Gauntlet)
 24731 | Gauntlet | Reached XP level 15. HP: 132/132 MP: 21/21
 24961 | Gauntlet | Identified the +10 trident "Osteitazoq" {venom, rF+++ Will-
                  | Str+5 Dex-3 Stlth+}
 24961 | Gauntlet | Identified the +7 tower shield "Orghetima" {Int+6}
 25025 | Gauntlet | Got a flickering ivory ring
 25027 | Gauntlet | Identified the ring "Tosarosk" {rPois MP+9 SInv} (You found
                  | it in a Gauntlet)
 25603 | Lair:2   | Reached skill level 15 in Long Blades
 25605 | Lair:2   | Found a staircase to the Shoals.
 26087 | Lair:3   | HP: 5/132 [oklob plant/splash of acid (8)]
 26087 | Lair:3   | Splashed by an oklob plant's acid

Illustrated notes

Levels and vault maps discovered:
D:1:      minmay_arrival_three_doors, layout_basic, minmay_vboxes
D:2:      layout_basic, nicolae_qazlal_general_emergency
D:3:      layout_basic, gammafunk_temple_overflow_elements,
          uniq_crazy_yiuf_cottage
D:4:      layout_gridville, serial_shops, shop_statue, kennysheep_minor_cross
D:5:      layout_basic, minmay_temple_entry_poolview, minivault_1, st_stairs_14,
          roderic_batcave, corexii_corridor_pit, uniq_eustachio,
          uniq_prince_ribbit1, uniq_grinder
D:6:      layout_gridville
D:7:      nzn_winding_woodlands_stair_cross
          [nzn_winding_woodlands_5x15_pathside_ponds,
          nzn_winding_woodlands_center_pierced_h,
          nzn_winding_woodlands_5x15_longhouse,
          nzn_winding_woodlands_5x5_perimeter,
          nzn_winding_woodlands_5x5_closed_star,
          nzn_winding_woodlands_5x15_pool,
          nzn_winding_woodlands_center_triple_pond,
          nzn_winding_woodlands_5x15_cabin], layout_basic,
          minmay_chambers_of_fives
D:8:      layout_cave_pools
D:9:      minmay_chambers_of_sixes, layout_stronghold, orc_0_dummy
D:10:     cheibrodos_barr_body, layout_gridville, lair_entry_dummy,
          enter_bailey_7, basic_altar, uniq_maurice, uniq_psyche
D:11:     layout_roguey, uniq_fannar
D:12:     layout_rooms
D:13:     layout_basic, nicolae_trove_entry_columns, serial_shops, shop
D:14:     layout_basic, david_vaults_1
Temple:   regret_index_temple_chain_breaker
Lair:1:   gammafunk_boulding_lane, layout_gridlike
Lair:2:   layout_long_grid, shoals_dummy_entry, gauntlet_entry_generic,
          ice2_lemuel
Lair:3:   layout_hall_layers, ebering_ghost_funeral_grove,
          minmay_lair_oklob_chamber, uniq_nergalle
Orc:1:    layout_caves, nicolae_orc_lost_temple, uniq_erica
Orc:2:    grunt_orc_community_town_hall, layout_caves,
          grunt_orc_community_big_house_1, grunt_orc_community_big_house_2,
          grunt_orc_community_house_2, grunt_orc_community_house_1,
          grunt_orc_community_house_2, grunt_orc_community_house_2,
          grunt_orc_community_house_2, serial_shops, shop, lemuel_statue_altar,
          uniq_azrael, uniq_saint_roka, uniq_sonja

Skill      XL: |  1  2  3  4  5  6  7  8  9 10 11 12 13 14 15 |
---------------+----------------------------------------------+-----
Long Blades    | 3 4 5 6 8 10 11 13 14 15 | 15.1
Shields        | 4 5 6 7 8 9 10 11 13 14 | 14.2
Throwing       | 1 2 3 |  3.9
Fighting       | 4 5 6 7 8 9 11 12 | 12.1
Armour         | 4 5 6 7 8 9 10 11 | 11.5
Dodging        | 1 2 3 4 |  4.3
Evocations     | 1 4 6 |  6.0
Invocations    | 4 6 8 9 |  9.3
Stealth        | 1 |  1.0
Maces & Flails | |  0.5

Action                   |  1- 3 |  4- 6 |  7- 9 | 10-12 | 13-15 || total
-------------------------+-------+-------+-------+-------+-------++-------
Melee: Long sword        |   120 |   226 |   277 |       |       ||   623
       Scimitar          |       |       |   142 |   989 |  1160 ||  2291
       Morningstar       |       |       |       |     3 |       ||     3
Throw: Stone             |    26 |    32 |       |       |       ||    58
       Dart              |       |    36 |    22 |     8 |       ||    66
Invok: Divine Shield     |       |       |       |     4 |     2 ||     6
       Summon Divine War |       |       |       |       |     1 ||     1
 Abil: Evoke Berserk Rag |       |       |       |       |     1 ||     1
       Evoke Flight      |       |       |       |       |     2 ||     2
Evoke: Wand              |       |       |     4 |       |       ||     4
  Use: Scroll            |       |    14 |     2 |     9 |    15 ||    40
       Potion            |       |       |     2 |       |       ||     2
Armor: Scale mail        |    52 |    74 |   115 |       |       ||   241
       Chain mail        |       |       |   111 |   493 |   338 ||   942
       Plate armour      |       |       |       |       |    32 ||    32
Dodge: Dodged            |    32 |    57 |   131 |   255 |   197 ||   672
Block: Kite shield       |    52 |   126 |   238 |   716 |   625 ||  1757
       Reflection        |       |       |       |    15 |    37 ||    52
       Tower shield      |       |       |       |       |   386 ||   386
       Rpst.: Long sword |     6 |    17 |    27 |       |       ||    50
       Scimitar          |       |       |     9 |    75 |    48 ||   132
